 Dungeon Crawl Stone Soup version 0.29.1-15-g9cfb28693d (webtiles) character file.

Game seed: 7508577647044668645

3511 Eitelfritz the Carver (level 9, 0/81 HPs)
             Began as a Minotaur Gladiator on Apr 8, 2023.
             Was a Priest of Wu Jian.
             Slain by a gargoyle
             ... wielding a +1 morningstar of freezing
              (5 damage)
             ... on level 7 of the Dungeon.
             The game lasted 00:13:39 (6944 turns).

Eitelfritz the Carver (Minotaur Gladiator)          Turns: 6944, Time: 00:13:40

Health: 0/81       AC: 14    Str: 27    XL:     9   Next: 81%
Magic:  8/8        EV: 10    Int:  7    God:    Wu Jian [***...]
Gold:   275        SH:  0    Dex: 12    Spells: 8/8 levels left

rFire   . . .      SeeInvis .   a - +2 scimitar (drain)
rCold   . . .      Faith    .   (no shield)
rNeg    . . .      Spirit   .   w - +0 chain mail
rPois   .          Reflect  .   c - +0 hat
rElec   .          Harm     .   (no cloak)
rCorr   .          Rampage  .   g - +1 pair of gloves
Will    .....                   t - +0 pair of boots
Stlth   ..........              (no amulet)
HPRegen 0.23/turn               v - +6 ring of strength
MPRegen 0.11/turn               (no ring)

@: no status effects
A: horns 2, retaliatory headbutt
a: Renounce Religion, Wall Jump, Serpent's Lash


You were on level 7 of the Dungeon.
You worshipped Wu Jian.
Wu Jian was most pleased with you.
You visited 2 branches of the dungeon, and saw 8 of its levels.
You also visited: Ossuary.

You collected 313 gold pieces.
You spent 38 gold pieces at shops.

Inventory:

Hand Weapons
 a - a +2 scimitar of draining (weapon)
 b - a +0 hand crossbow of flaming
 m - a +0 long sword of flaming
 y - a +2 sling of freezing
 D - a +2 vorpal flail
Missiles
 d - 3 throwing nets (quivered)
 e - 6 javelins
 h - a boomerang
 q - 12 poisoned darts
Armour
 c - a +0 hat (worn)
 g - a +1 pair of gloves (worn)
 i - a +0 buckler
 t - a +0 pair of boots (worn)
 w - a +0 chain mail (worn)
Jewellery
 v - a +6 ring of strength (left hand)
Wands
 p - a wand of flame (47)
 G - a wand of polymorph (8)
Scrolls
 j - a scroll of immolation
 n - 4 scrolls of vulnerability
 o - 2 scrolls of teleportation
Potions
 f - a potion of flight
 k - 2 potions of lignification
 l - 3 potions of heal wounds
 r - 11 potions of curing
 s - a potion of brilliance
 u - a potion of attraction
 x - a potion of might {unknown}
 A - a potion of invisibility {unknown}
 C - a potion of ambrosia {unknown}
 F - 2 potions of berserk rage


   Skills:
 + Level 7.8 Fighting
 + Level 12.1 Long Blades
 + Level 1.4 Ranged Weapons
 + Level 2.1 Throwing
 + Level 8.1 Armour
 + Level 4.7 Dodging
 + Level 1.5 Stealth


You had 8 spell levels left.
You didn't know any spells.
Your spell library contained the following spells:

 Spells                   Type           Power      Damage    Failure   Level
 Slow                     Hex            0%         N/A       92%         1
 Sting                    Tmut/Pois      0%         1d3       92%         1
 Blink                    Tloc           0%         N/A       98%         2
 Ensorcelled Hibernation  Hex/Ice        0%         N/A       98%         2
 Passwall                 Tmut/Erth      0%         N/A       98%         2
 Poisonous Vapours        Pois/Air       0%         N/A       98%         2
 Confusing Touch          Hex            0%         N/A       100%        3
 Swiftness                Air            0%         N/A       100%        3
 Vampiric Draining        Necr           0%         2d6       100%        3
 Leda's Liquefaction      Hex/Erth       0%         N/A       100%        4
 Olgreb's Toxic Radiance  Pois           0%         N/A       100%        4
 Lee's Rapid Deconstruct  Erth           0%         3d5*      100%        5
 Manifold Assault         Tloc           0%         N/A       100%        5
 Statue Form              Tmut/Erth      0%         N/A       100%        6
 Storm Form               Tmut/Air       0%         N/A       100%        7


Dungeon Overview and Level Annotations

Branches:
Dungeon (7/15)             Temple (1/1) D:4         Ossuary (visited)

Altars:
Cheibriados
Fedhas
Gozag
Kikubaaqudgha
Nemelex Xobeh
Okawaru
Qazlal
Sif Muna
Trog
Uskayaw
Vehumet
Wu Jian
Xom
Yredelemnul
Zin
The Shining One

Shops:
D:6 (

Annotations:
D:3 2 transporters


Innate Abilities, Weirdness & Mutations

You have a pair of horns on your head.
You reflexively headbutt those who attack you in melee.


Message History

The necrophage is almost destroyed.
The necrophage hits you.
You feel drained.
You hit the necrophage.
You destroy the necrophage!
The Council accepts your kill.
Your life force feels restored.
You barely miss the orc. The orc barely misses you. You furiously retaliate!
You headbutt the orc! You slash the orc!
You kill the orc!
The Council accepts your kill.
Things that are here:
a +0 dagger; a +0 robe; an orc corpse The orc wizard points at you and mumbles some strange words.
You are confused.
You're too confused to move!
The orc wizard hits you with a +0 dagger of holy wrath.
You slash the orc wizard! You drain the orc wizard.
You kill the orc wizard!
The Council accepts your kill.
The kobold brigand hits you but does no damage.
The kobold brigand hits you but does no damage.
The gargoyle hurls a stone arrow at you.
The stone arrow hits you!
* * * LOW HITPOINT WARNING * * *
The gargoyle hurls a stone arrow at you.
The stone arrow hits you!
* * * LOW HITPOINT WARNING * * *
You feel less confused.
The kobold brigand hits you but does no damage.
You feel much better.
The gargoyle hurls a stone arrow at you.
The stone arrow hits you!
* * * LOW HITPOINT WARNING * * *
The kobold brigand hits you but does no damage.
The gargoyle attacks as you move away!
The gargoyle hits you with a +1 morningstar of freezing!
* * * LOW HITPOINT WARNING * * *
The gargoyle freezes you.
You die...

..# .......... ..
#....#...#
..#....#.#.########
.#.##...#........# ..#
#....†....... #)#
#....####.###
#.###....##.....#
##.)##.<..#.......
##..))9@...#.......
#...#.K........_...
#...#..?....#.......
.............#.......
..............##.....#
#.............# ##.###
#...^........... ...
............... ...
################ ##


You could see a gargoyle and a kobold brigand.

Vanquished Creatures
  Pikel (D:5)
  Eustachio (D:5)
  A vampire mosquito (D:7)
  Menkaure (D:5)
  Edmund (D:5)
  A black bear (D:4)
  An ice beast (D:6)
  2 ogres (D:5)
  A centaur (D:3)
  A lemure (D:5)
  Blork the orc (D:6)
  A kobold brigand (D:5)
  A gnoll sergeant (D:6)
  4 bullfrogs
  A necrophage (D:7)
  3 scorpions
  6 water moccasin zombies (Ossuary)
  A killer bee (D:7)
  A howler monkey (D:6)
  5 hounds
  2 jellies
  3 orc priests
  2 gnoll boudas
  An iguana (D:4)
  8 orc wizards
  2 mummies (Ossuary)
  Robin (D:2)
  12 gnolls
  10 adders
  4 white imps (D:6)
  4 ufetubi
  4 adder zombies (Ossuary)
  2 worms
  2 dart slugs
  19 orcs
  8 bats
  7 endoplasms
  A giant cockroach (D:4)
  10 goblins
  18 hobgoblins
  3 kobolds
  5 quokkas
  12 ball pythons
  4 frilled lizards
  2 gnoll zombies (Ossuary)
  A goblin zombie (D:5)
  4 hobgoblin zombies (Ossuary)
  3 kobold zombies (Ossuary)
  5 orc zombies (Ossuary)
  4 rats
  A rat zombie (D:5)
199 creatures vanquished.

Vanquished Creatures (others)
  6 plants (D:4)
6 creatures vanquished.

Grand Total: 205 creatures vanquished

Notes
Turn   | Place    | Note
-------+----------+-------------------------------------------
     0 | D:1      | Eitelfritz the Minotaur Gladiator began the quest for the
                  | Orb.
     0 | D:1      | Reached XP level 1. HP: 18/18 MP: 0/0
   343 | D:1      | Reached XP level 2. HP: 25/25 MP: 1/1
   375 | D:1      | Reached skill level 4 in Long Blades
   556 | D:1      | Found a faded altar of an unknown god.
   979 | D:2      | Found a blossoming altar of Fedhas.
  1185 | D:2      | Reached XP level 3. HP: 30/31 MP: 2/2
  1501 | D:2      | Noticed Robin
  1723 | D:2      | Killed Robin
  1724 | D:2      | Reached XP level 4. HP: 36/38 MP: 3/3
  1963 | D:3      | Found a transporter.
  2085 | D:3      | Reached skill level 5 in Long Blades
  2177 | D:3      | Reached skill level 1 in Armour
  2246 | D:3      | Found a transporter.
  2269 | D:3      | Noticed a centaur
  2273 | D:3      | Killed a centaur
  2274 | D:3      | Reached XP level 5. HP: 14/46 MP: 4/4
  3239 | D:4      | Noticed a black bear
  3243 | D:4      | Reached skill level 6 in Long Blades
  3248 | D:4      | Killed a black bear
  3249 | D:4      | Reached XP level 6. HP: 51/52 MP: 5/5
  3470 | D:4      | Found a staircase to the Ecumenical Temple.
  3885 | Temple   | Entered the Ecumenical Temple
  4106 | Temple   | Became a worshipper of the Wu Jian Council
  4159 | D:5      | Entered Level 5 of the Dungeon
  4214 | D:5      | Found a sand-covered staircase.
  4231 | Ossuary  | Entered an ossuary
  4260 | Ossuary  | Reached skill level 7 in Long Blades
  4282 | Ossuary  | Reached skill level 1 in Stealth
  4282 | Ossuary  | Reached XP level 7. HP: 54/60 MP: 6/6
  4437 | Ossuary  | Reached * piety under Wu Jian
  4503 | Ossuary  | Reached skill level 8 in Long Blades
  4716 | D:5      | Found an iron altar of Okawaru.
  4806 | D:5      | Noticed Menkaure
  4808 | D:5      | Noticed Eustachio
  4817 | D:5      | Killed Menkaure
  4818 | D:5      | Reached skill level 5 in Fighting
  4822 | D:5      | Killed Eustachio
  4823 | D:5      | Reached skill level 9 in Long Blades
  4823 | D:5      | Reached skill level 5 in Armour
  4823 | D:5      | Reached XP level 8. HP: 16/69 MP: 7/7
  5107 | D:5      | Noticed Pikel
  5117 | D:5      | Killed Pikel
  5118 | D:5      | Reached skill level 10 in Long Blades
  5132 | D:5      | Reached ** piety under Wu Jian
  5149 | D:5      | Reached XP level 9. HP: 27/75 MP: 8/8
  5162 | D:5      | Noticed Edmund
  5172 | D:5      | Killed Edmund
  5514 | D:5      | Reached skill level 11 in Long Blades
  6177 | D:6      | Noticed Blork the orc
  6190 | D:6      | Killed Blork the orc
  6383 | D:6      | Found Huewin's Firing Range.
  6391 | D:6      | Bought a +0 hand crossbow for 38 gold pieces
  6644 | D:6      | Reached *** piety under Wu Jian
  6647 | D:6      | Reached skill level 1 in Ranged Weapons
  6789 | D:6      | Found a shimmering blue altar of Sif Muna.
  6879 | D:7      | Found a shimmering altar of Xom.
  6915 | D:7      | Noticed a gargoyle
  6921 | D:7      | Reached skill level 12 in Long Blades
  6944 | D:7      | Slain by a gargoyle

Illustrated notes

Levels and vault maps discovered:
D:1:      evilmike_arrival_rings, layout_loops_ring,
          hellmonk_ecumenical_altar_prayer_group
D:2:      layout_basic, basic_altar, uniq_robin
D:3:      gammafunk_steamed_eel, layout_basic
D:4:      layout_basic, minmay_temple_entry_gardened_gates
D:5:      cheibrodos_barr_body, layout_cave_pools, mainiacjoe_overflow_24_doors,
          enter_ossuary_4, uniq_eustachio, uniq_pikel, uniq_menkaure,
          uniq_edmund
D:6:      layout_rooms, nicolae_sif_muna_little_library,
          nicolae_shop_firing_range, uniq_blork_the_orc
D:7:      minmay_the_grid_octo_2x2 [minmay_the_grid_octo_empty,
          minmay_the_grid_octo_pinwheel, minmay_the_grid_octo_checkered,
          minmay_the_grid_octo_prize_big_c], layout_rooms, old_standard_altar,
          uniq_crazy_yiuf_cottage
Temple:   nicolae_temple_figure_eight

Skill      XL: |  1  2  3  4  5  6  7  8  9 |
---------------+----------------------------+-----
Long Blades    | 4 5 6 7 9 10 12 | 12.1
Fighting       | 3 4 5 6 7 |  7.8
Armour         | 1 2 3 5 6 8 |  8.1
Dodging        | 4 |  4.7
Stealth        | 1 |  1.5
Ranged Weapons | 1 |  1.4
Throwing       | |  2.1

Action                   |  1- 3 |  4- 6 |  7- 9 || total
-------------------------+-------+-------+-------++-------
Melee: Long sword        |    42 |       |       ||    42
       Headbutt          |     6 |    18 |    55 ||    79
       Punch             |     1 |     2 |     6 ||     9
       Scimitar          |    26 |   105 |   289 ||   420
 Fire: Hand crossbow     |       |       |     2 ||     2
Invok: Lunge             |       |     2 |    27 ||    29
       Whirlwind         |       |       |    40 ||    40
  Use: Potion            |       |       |     4 ||     4
       Scroll            |       |       |    15 ||    15
Armor: Leather armour    |    19 |       |       ||    19
       Ring mail         |    15 |    29 |       ||    44
       Chain mail        |       |    12 |   123 ||   135
Dodge: Dodged            |    51 |    65 |   137 ||   253
